 Dungeon Crawl Stone Soup version 0.31-a0-1059-g83d41fd (webtiles) character file.

Game seed: 6422448555566078267

14 PurpleRed the Sneak (level 2, -1/26 HPs)
             Began as a Meteoran Delver on Nov 21, 2023.
             Was an Initiate of Hepliaklqana.
             Succumbed to an adder's poison
             ... on level 4 of the Dungeon.
             The game lasted 00:02:06 (255 turns).

PurpleRed the Sneak (Meteoran Delver)                Turns: 255, Time: 00:02:07

Health: -1/26      AC:  3    Str: 13    XL:     2   Next: 76%
Magic:  3/3        EV: 12    Int: 11    God:    Hepliaklqana [......]
Gold:   0          SH:  0    Dex: 15    Spells: 1/1 levels left

rFire   . . .        a - +0 hand axe
rCold   . . .        (no shield)
rNeg    . . .        b - +0 leather armour
rPois   .            (no helmet)
rElec   .            (no cloak)
rCorr   .            (no gloves)
SInv    .            (no boots)
Will    .....        (no amulet)
Stlth   +            (no ring)
HPRegen 0.24/turn    (no ring)
MPRegen 0.08/turn

%: no passive effects
@: lethally poisoned (-1 -> -10), hasted, glowing, very quick
A: sense surroundings 1, otherworldly, glowing, explore regen
a: Renounce Religion


You were on level 4 of the Dungeon.
You worshipped Hepliaklqana.
Hepliaklqana was noncommittal.
You visited 2 branches of the dungeon, and saw 3 of its levels.

Inventory:

Hand Weapons
 a - a +0 hand axe (weapon)
Armour
 b - a +0 leather armour (worn)
Magical Staves
 h - a staff of air
Wands
 d - a wand of flame (27)
 g - a wand of digging (3)
Scrolls
 c - a scroll of fog


   Skills:
 + Level 3.5 Fighting
 * Level 3.3 Axes
 - Level 2.1 Dodging
 - Level 3.7 Stealth


You had one spell level left.
You didn't know any spells.
Your spell library was empty.

Dungeon Overview and Level Annotations

Branches:
Dungeon (5/15) Zot: 1007   Temple (1/1) D:5 Zot: 533

Altars:
Ashenzari
Elyvilon
Fedhas
Gozag
Hepliaklqana
Nemelex Xobeh
Ru
Sif Muna
Uskayaw
Wu Jian
Xom
The Shining One


Innate Abilities, Weirdness & Mutations

You passively map a small area around you.
You are easily found by Zot.
You glow in the dark.
You regain HP and MP as you explore.


Message History

You completely miss the adder.
The adder is moderately wounded.
The adder bites you.
You are poisoned.
The adder poisons you! The adder barely misses you.
You feel sick. The adder closely misses you.
You closely miss the adder.
The adder is moderately wounded.
You feel sick. The adder closely misses you.
You barely miss the adder.
The adder is moderately wounded.
You feel sick. The adder misses you. The adder barely misses you.
You barely miss the adder.
The adder is moderately wounded.
You feel sick. The adder closely misses you.
You barely miss the adder.
The adder is moderately wounded.
You feel sick.
You are no longer poisoned.
The adder bites you.
You are poisoned.
The adder poisons you! The adder bites you.
You are lethally poisoned!
The adder poisons you!
You closely miss the adder.
The adder is moderately wounded.
* * * LOW HITPOINT WARNING * * *
You feel very sick. The adder bites you but does no damage.
Okay, then.
Okay, then.
You feel yourself speed up.
* * * LOW HITPOINT WARNING * * *
You feel sick. The adder bites you.
* * * LOW HITPOINT WARNING * * *
You are more poisoned.
The adder poisons you! The adder bites you but does no damage.
* * * LOW HITPOINT WARNING * * *
You feel sick.
You die...

,,,,,,,>* *,****,,,,,,,*
,**,,,,,* *,,,,*..#**,**
,******,#####*,**..#**,*
,******,.(..<*,##...,*,*
,*,....g.....#.#...*,*,**
,*,....#.#.#...#..,*,,,,*
,,,..g........##.#######*
,*,..wS#.#.#...........##
,*,.............@#####..#
***###.#.#.#.#....#####.#
,,,..........#S...#.....#
******#.*#.#..)...#.#####
,,,.###.*#.###....#.#
,,,.....##.########.#
,,,........w.g......#
***...........#######
#....#.#...##


You could see an adder.

Vanquished Creatures
  An adder (D:4)
  A hobgoblin (D:4)
  2 jackals (D:4)
  A ball python (D:4)
5 creatures vanquished.

Notes
Turn   | Place    | Note
-------+----------+-------------------------------------------
     0 | D:5      | PurpleRed the Meteoran Delver began the quest for the Orb.
     0 | D:5      | Reached XP level 1. HP: 19/19 MP: 2/2
    11 | D:5      | Found a staircase to the Ecumenical Temple.
    20 | Temple   | Entered the Ecumenical Temple
    53 | Temple   | Became a worshipper of Hepliaklqana the Forgotten
   179 | D:4      | Found a shimmering blue altar of Sif Muna.
   198 | D:4      | Reached XP level 2. HP: 26/26 MP: 3/3
   243 | D:4      | Identified the +1 flail "Guralia" {antimagic, Fragile rPois
                  | Dex-4 Stlth+}
   254 | D:4      | HP: 1/26 [poisoned by an adder]
   255 | D:4      | Succumbed to an adder's poison

Illustrated notes

Levels and vault maps discovered:
D:4:      layout_basic, mainiacjoe_overflow_six_doors_small,
          mainiacjoe_overflow_swirl, serial_co_window_serial, co_window_paths_b,
          co_window_corner_a, co_window_paths_b, co_window_corner_a,
          co_window_of_opportunity_a, co_window_paths_b, co_window_corner_a,
          co_window_2corner, co_window_corner_cb, co_window_paths_c,
          co_window_paths_e, glass_columns_b, glass_columns_a
D:5:      layout_basic, lightli_temple_of_fire, minmay_temple_entry_nine_rooms,
          ebering_ghost_reflecting_pool
Temple:   minmay_temple_curvy_loop

Skill      XL: |  1  2 |
---------------+-------+-----
Axes           | 3 |  3.3
Fighting       | |  3.5
Dodging        | |  2.1
Stealth        | |  3.7

Action                     || total
---------------------------++-------
  Melee: Hand axe          ||    32
    Use: Scroll            ||     2
         Potion            ||     1
   Stab: Fleeing           ||     1
 Armour: Leather armour    ||    26
  Dodge: Dodged            ||    29

Table legend: (Time is in decaauts)
 A = Elapsed time spent in this place.
 B = Non-inter-level travel time spent in this place.
 C = Inter-level travel time spent in this place.
 D = Time resting spent in this place.
 E = Time spent auto-exploring this place.
 F = Levels seen in this place.
 G = Mean time per level.
                   A        B        C        D        E       F      G
               +--------+--------+--------+--------+--------+-----+--------+
         Total |    259 |    228 |     31 |     26 |      0 |   3 |   86.3 |
       Dungeon |    192 |    192 |      0 |     26 |      0 |   2 |   96.0 |
        Temple |     66 |     35 |     31 |      0 |      0 |   1 |   66.0 |
               +--------+--------+--------+--------+--------+-----+--------+

Top non-repeatable levels by time:
     D:4: 152 daAuts
  Temple: 66 daAuts
     D:5: 40 daAuts
